 Dungeon Crawl Stone Soup version 0.23-a0-143-g1adec7b (webtiles) character file.

514 corax the Sneak (level 7, -1/47 HPs)
             Began as an Octopode Assassin on Sept 1, 2018.
             Was an Initiate of Gozag.
             Slain by an adder (4 damage)
             ... on level 4 of the Dungeon.
             The game lasted 00:06:24 (2728 turns).

corax the Sneak (Octopode Assassin)                 Turns: 2728, Time: 00:06:25

Health: -1/47      AC:  1    Str: 10    XL:     7   Next: 20%
Magic:  7/7        EV: 15    Int: 13    God:    Gozag
Gold:   175        SH:  0    Dex: 16    Spells: 6/6 levels left

rFire    . . .     SeeInvis .   h - +4 short sword
rCold    + . .     Gourm    .   (no shield)
rNeg     . . .     Faith    .   (helmet restricted)
rPois    .         Spirit   .   (no amulet)
rElec    .         Reflect  .   l - ring of protection from cold
rCorr    +         Harm     .   q - ring of resist corrosion
MR       .....                  (no ring)
Stlth    ++++++....             (no ring)
HPRegen  0.15/turn              (no ring)
MPRegen  0.10/turn              (no ring)
                                (no ring)
                                (no ring)

@: lethally poisoned (-1 -> -3)
A: almost no armour, stealthy swim, amphibious, 8 rings, constrict 8, camouflage
1, gelatinous body 1
a: Potion Petition, Call Merchant, Bribe Branch, Renounce Religion


You were on level 4 of the Dungeon.
You worshipped Gozag.
Gozag was aware of your devotion.
You were not hungry.

You visited 2 branches of the dungeon, and saw 5 of its levels.

You collected 218 gold pieces.
You paid 43 gold pieces to Gozag.

Inventory:

Hand Weapons
 a - a +2 dagger
 b - a +0 blowgun
 h - a +4 short sword (weapon)
Missiles
 c - 18 poisoned needles
 d - 2 curare-tipped needles
Jewellery
 l - a ring of protection from cold (left tentacle)
 q - a ring of resist corrosion (right tentacle)
Scrolls
 e - a scroll of random uselessness {unknown}
 j - a scroll of immolation {unknown}
 o - a scroll of fear {unknown}
 p - 2 scrolls of identify {unknown}
 s - 2 scrolls of enchant weapon {unknown}
 t - a scroll of fog {unknown}
 u - a scroll of remove curse
Potions
 g - a potion of cancellation {unknown}
 i - a potion of mutation {unknown}
 k - 2 potions of heal wounds {unknown}
 m - 2 potions of brilliance {unknown}
 n - a potion of ambrosia {unknown}
 r - a potion of magic {unknown}
Comestibles
 f - 4 rations


   Skills:
 + Level 3.7 Fighting
 + Level 3.7 Short Blades
 + Level 3.7 Throwing
 + Level 3.2 Dodging
 + Level 7.2 Stealth


You had 6 spell levels left.
You didn't know any spells.
Your spell library was empty.

Dungeon Overview and Level Annotations

Branches:
Dungeon (4/15)             Temple (1/1) D:4

Altars:
Ashenzari
Fedhas
Gozag
Kikubaaqudgha
Makhleb
Nemelex Xobeh
Okawaru
Qazlal
Ru
Trog
Uskayaw
Wu Jian
Xom
Yredelemnul
Zin
The Shining One


Innate Abilities, Weirdness & Mutations

You cannot wear most types of armour.
You are very stealthy in the water. (Stealth+)
You are amphibious.
You can wear up to eight rings at the same time.
You can use your tentacles to constrict eight enemies at once.
Your skin changes colour to match your surroundings (Stealth+).
Your rubbery body absorbs attacks. (AC +1, EV +1)


Message History

You hit the plant. You grab the plant.
The plant is lightly damaged.
You constrict the plant, but do no damage.
The orc wizard barely misses you. The orc hits you but does no damage.
You hit the plant. You squeeze the plant.
The plant is moderately damaged.
You constrict the plant, but do no damage.
The orc wizard barely misses you.
The orc wizard splashes around in the water.
You release your grip on the plant.
The orc splashes around in the water.
The adder closely misses you. The orc wizard closely misses you.
The adder barely misses you. The adder bites you.
* * * LOW HITPOINT WARNING * * *
You are poisoned.
The adder poisons you!
* * * LOW HITPOINT WARNING * * *
You feel sick. The adder bites you.
You die...
Your body crumbles into a pile of gold.

..# #........####.....## ..#
#.................%# ..#
##########........####......#
..# #........≈P≈≈♣≈PPP##
######.# ..#
#....♣≈♣♣≈≈≈o≈♣♣♣≈P♣ ..
..###..≈≈♣♣≈♣P♣{o≈≈≈≈o♣♣ ..
..))..≈♣≈≈♣≈≈≈≈≈≈≈≈≈≈≈≈≈ ..
..##♣≈P≈≈≈≈≈≈≈≈oS≈≈≈≈P≈≈ ..
..#♣≈≈≈≈≈≈≈≈≈≈≈≈@≈≈≈≈P≈≈≈ o.
..≈♣≈≈≈♣≈≈≈≈≈≈≈≈≈≈≈≈≈≈≈≈ o.
.#♣P≈≈≈≈P≈≈≈≈≈≈≈≈≈≈≈≈≈≈P
..≈≈≈≈P≈≈≈≈≈≈≈≈≈≈≈≈≈≈≈≈≈
###♣≈PP♣≈P≈≈≈≈≈≈≈≈≈≈≈≈≈≈
#.♣≈≈≈≈♣≈≈≈≈≈≈≈≈≈≈≈≈P♣
##.≈≈P≈≈≈≈PP≈≈P≈≈♣≈≈♣≈
#..#♣≈≈♣≈♣≈≈≈♣≈≈≈≈≈≈
##.##♣♣♣♣≈♣≈≈♣♣♣♣≈


You could see an orc priest, an orc wizard, an adder and 2 orcs.

Vanquished Creatures
  Grinder (D:3)
  A bullfrog skeleton (D:4)
  An orc priest (D:4)
  Crazy Yiuf (D:3)
  Terence (D:2)
  3 worker ants (D:4)
  A hound skeleton (D:4)
  2 adders
  4 gnolls (D:2)
  An ooze (D:1)
  2 adder skeletons (D:4)
  2 worms
  A dart slug (D:4)
  An orc (D:4)
  A ball python (D:4)
  A bat (D:1)
  5 hobgoblins
  8 jackals
  2 quokkas
  2 frilled lizards
  6 goblins
  9 kobolds
  4 rats
60 creatures vanquished.

Notes
Turn   | Place    | Note
-------+----------+-------------------------------------------
     0 | D:1      | corax the Octopode Assassin began the quest for the Orb.
     0 | D:1      | Reached XP level 1. HP: 14/14 MP: 1/1
   207 | D:1      | Found a sparkling altar of Nemelex Xobeh.
   324 | D:1      | Reached XP level 2. HP: 2/19 MP: 2/2
   811 | D:2      | Found a blossoming altar of Fedhas.
   906 | D:2      | Reached XP level 3. HP: 18/25 MP: 3/3
  1017 | D:2      | Noticed Terence
  1024 | D:2      | Killed Terence
  1024 | D:2      | Reached skill level 6 in Stealth
  1024 | D:2      | Reached XP level 4. HP: 16/30 MP: 4/4
  1108 | D:2      | Found a glowing golden altar of the Shining One.
  1120 | D:2      | Found a basalt altar of Yredelemnul.
  1122 | D:2      | Noticed a profane servitor
  1383 | D:2      | Noticed an angel
  1521 | D:3      | Reached XP level 5. HP: 35/35 MP: 5/5
  1538 | D:3      | Noticed Grinder
  1544 | D:3      | Killed Grinder
  1544 | D:3      | Reached XP level 6. HP: 35/42 MP: 6/6
  1640 | D:3      | Found a runed door.
  1791 | D:3      | Noticed Crazy Yiuf
  1795 | D:3      | Killed Crazy Yiuf
  1885 | D:4      | Found a staircase to the Ecumenical Temple.
  1939 | Temple   | Entered the Ecumenical Temple
  2002 | Temple   | Became a worshipper of Gozag Ym Sagoz the Greedy
  2068 | D:4      | Reached skill level 7 in Stealth
  2343 | D:4      | Reached XP level 7. HP: 40/46 MP: 7/7
  2728 | D:4      | Slain by an adder

Vault maps used:
D:1:      elethiomel_arrival_fortress_basement, minivault_25,
          nemelex_diamond_rough_becter
D:2:      grunt_temple_overflow_holy_war, fedhas_altar_2, uniq_terence
D:3:      uniq_crazy_yiuf_cottage, uniq_grinder
D:4:      minmay_temple_entry_statues_pillars, first_ration, serial_bayou_lake_a
Temple:   dshaligram_water_room_temple

Skill      XL: |  1  2  3  4  5  6 |
---------------+-------------------+-----
Stealth        | 6 7 |  7.2
Dodging        | 2 3 |  3.2
Fighting       | 3 |  3.7
Short Blades   | 3 |  3.7
Throwing       | 3 |  3.7

Action                   |  1- 3 |  4- 6 |  7- 9 || total
-------------------------+-------+-------+-------++-------
Melee: Dagger            |    29 |       |       ||    29
       Tentacles         |     6 |    11 |     4 ||    21
       Constrict         |     6 |    17 |     6 ||    29
       Short sword       |    19 |    66 |    17 ||   102
  Use: Scroll            |     2 |     1 |       ||     3
 Stab: Sleeping          |     7 |    10 |       ||    17
  Eat: Ration            |       |     2 |       ||     2
Armor: Skin              |     1 |       |     1 ||     2
Dodge: Dodged            |    24 |    35 |    15 ||    74

Table legend:
 A = Non-vault XP
 B = Vault XP
 C = Vault XP percentage of total XP
 D = Non-vault monster count
 E = Vault monster count
 F = Vault count percentage of total count
                 A         B        C        D         E       F
            +---------+---------+-------+---------+---------+-------
      Total |     384 |     351 |  47.8 |      56 |       4 |   6.7
            +---------+---------+-------+---------+---------+-------
        D:1 |      24 |       1 |   4.0 |      11 |       1 |   8.3
        D:2 |      95 |      36 |  27.5 |      18 |       1 |   5.3
        D:3 |      20 |     314 |  94.0 |      11 |       2 |  15.4
        D:4 |     245 |       0 |   0.0 |      16 |       0 |   0.0
            +---------+---------+-------+---------+---------+-------
